 Dungeon Crawl Stone Soup version 0.28.0-45-g0d030f2227 (webtiles) character file.

Game seed: 980724629210401908

936 dianekeaton the Basher (level 7, 0/57 HPs)
             Began as a Minotaur Fighter on Apr 12, 2022.
             Slain by a killer bee zombie (2 damage)
             ... on level 5 of the Dungeon.
             The game lasted 00:09:11 (3828 turns).

dianekeaton the Basher (Minotaur Fighter)           Turns: 3828, Time: 00:09:12

Health: 0/57       AC: 10    Str: 23    XL:     7   Next: 87%
Magic:  6/6        EV:  7    Int:  5    God:
Gold:   139        SH:  5    Dex:  9    Spells: 6/6 levels left

rFire   . . .      SeeInvis .   a - +0 flail
rCold   . . .      Faith    .   c - +1 buckler
rNeg    . . .      Spirit   .   t - +0 chain mail
rPois   .          Reflect  .   (helmet restricted)
rElec   .          Harm     .   (no cloak)
rCorr   .          Rampage  .   (no gloves)
Will    .....                   b - +0 pair of boots
Stlth   ..........              (no amulet)
HPRegen 0.19/turn               (no ring)
MPRegen 0.10/turn               (no ring)

@: invisible
A: horns 2, retaliatory headbutt
a: no special abilities


You were on level 5 of the Dungeon.
You visited 1 branch of the dungeon, and saw 7 of its levels.

You collected 139 gold pieces.

Inventory:

Hand Weapons
 a - a +0 flail (weapon)
Missiles
 j - 3 boomerangs (quivered)
Armour
 b - a +0 pair of boots (worn)
 c - a +1 buckler (worn)
 t - a +0 chain mail (worn)
Jewellery
 g - a ring of magical power
 l - an amulet of reflection
 p - a +6 ring of dexterity
 q - an amulet of faith
 v - a +4 ring of evasion
Wands
 d - a wand of paralysis (2)
 r - a wand of flame (7)
Potions
 f - 3 potions of brilliance
 h - 2 potions of degeneration {unknown}
 i - a potion of ambrosia {unknown}
 k - 2 potions of attraction {unknown}
 m - a potion of flight {unknown}
 n - 2 potions of haste {unknown}
 o - a potion of mutation {unknown}
 u - a potion of resistance {unknown}
 w - a potion of curing {unknown}


   Skills:
 - Level 3.6 Fighting
 + Level 10.7 Maces & Flails
 + Level 1.1 Throwing
 - Level 3.6 Armour
 - Level 0.4 Dodging
 - Level 0.2 Stealth
 - Level 3.6 Shields
 + Level 0.8 Evocations


You had 6 spell levels left.
You didn't know any spells.
Your spell library contained the following spells:

 Spells                   Type           Power      Damage    Failure   Level
 Slow                     Hex            0%         N/A       99%         1
 Inner Flame              Hex/Fire       0%         N/A       100%        3
 Cause Fear               Hex            0%         N/A       100%        4
 Discord                  Hex            0%         N/A       100%        8


Dungeon Overview and Level Annotations

Branches:
Dungeon (7/15)
 Temple: D:4-7

Altars:

Annotations:
D:6 Menkaure


Innate Abilities, Weirdness & Mutations

You have a pair of horns on your head.
You reflexively headbutt those who attack you in melee.


Message History

You miss the adder.
The adder is heavily wounded.
The adder bites you but does no damage.
You barely miss the adder.
The adder is heavily wounded.
You block the adder's attack.
You miss the adder.
The adder is heavily wounded.
You block the adder's attack.
You closely miss the adder.
The adder is heavily wounded.
You hear the slow hiss of a distant avalanche of sand.
The adder bites you. The adder bites you but does no damage.
You thump the adder!
You kill the adder!
A two-headed ogre comes into view.
It is wielding a +0 giant spiked club and a +0 giant club.
A howler monkey skeleton comes into view.
Found a scroll of fog.
The two-headed ogre shouts in stereo!
Throw: 3 boomerangs
Press: ? - help, Q - select action, (/) - cycle Shift-Dir - straight line, f - two-headed ogre
Aim: a two-headed ogre, wielding a +0 giant spiked club and a +0 giant club (71% to hit)
You throw a boomerang.
The boomerang barely misses the two-headed ogre.
A killer bee zombie comes into view.
Throw: 3 boomerangs
Press: ? - help, Q - select action, (/) - cycle Shift-Dir - straight line, f/p - two-headed ogre
Aim: a two-headed ogre, wielding a +0 giant spiked club and a +0 giant club (71% to hit)
You throw a boomerang.
The boomerang hits the two-headed ogre but does no damage.
The two-headed ogre hits you with a +0 giant spiked club!
The two-headed ogre hits you with a +0 giant club!!
You aren't carrying any scrolls.
You fade into invisibility!
The killer bee zombie hits you.
The two-headed ogre hits you with a +0 giant spiked club!!
* * * LOW HITPOINT WARNING * * *
The two-headed ogre closely misses you. The killer bee zombie hits you.
You die...

##.###..# ...
#..#...#.## #...
#.....# #..# #....
##...### #..#####....
###...## #..#.....
.....## #.....#
.[....# #.....#
..#...## ##.....#
..#....### ###..@ZO.#
.........###...###...#
...............#
#Z.....
...#..#####....#
#..... .###..# ##...#
..... # ##.. #....#
.... #..# #....# ....
##.# #.....# .?. ..
#.......


You could see a two-headed ogre, a killer bee zombie and a howler monkey
skeleton.

Vanquished Creatures
  An ice beast (D:6)
  A sky beast (D:6)
  2 ogres (D:6)
  A necrophage (D:6)
  A phantom (D:6)
  Blork the orc (D:6)
  A water moccasin zombie (D:6)
  2 orc priests
  A bullfrog skeleton (D:6)
  A hound (D:3)
  2 iguanas
  An orc wizard (D:4)
  A hound skeleton (D:2)
  2 adders
  A howler monkey skeleton (D:4)
  An ufetubus (D:4)
  A worm (D:3)
  A dart slug (D:1)
  5 orcs
  5 endoplasms
  3 giant cockroaches
  5 hobgoblins
  4 jackals
  2 quokkas
  8 ball pythons
  8 bats
  2 frilled lizards (D:2)
  4 goblins
  5 kobolds
  3 rats
76 creatures vanquished.

Notes
Turn   | Place    | Note
-------+----------+-------------------------------------------
     0 | D:1      | dianekeaton the Minotaur Fighter began the quest for the
                  | Orb.
     0 | D:1      | Reached XP level 1. HP: 19/19 MP: 0/0
   123 | D:1      | Reached skill level 3 in Maces & Flails
   216 | D:1      | Reached XP level 2. HP: 23/26 MP: 1/1
   502 | D:1      | Found a faded altar of an unknown god.
   505 | D:1      | Got Plato's Grimoire of Beguiling
   606 | D:2      | Reached skill level 4 in Maces & Flails
   613 | D:2      | Reached XP level 3. HP: 30/31 MP: 2/2
  1030 | D:2      | Reached skill level 5 in Maces & Flails
  1748 | D:3      | Reached XP level 4. HP: 39/39 MP: 3/3
  2500 | D:3      | Reached skill level 6 in Maces & Flails
  2500 | D:3      | Reached XP level 5. HP: 37/45 MP: 4/4
  3083 | D:4      | Reached skill level 7 in Maces & Flails
  3147 | D:4      | You fall into a shaft and drop 3 floors!
  3148 | D:7      | Noticed an orc warrior
  3148 | D:7      | Noticed a phantom
  3150 | D:6      | Noticed Menkaure
  3150 | D:6      | Noticed an ice beast
  3344 | D:6      | Noticed a phantom
  3372 | D:6      | Killed a phantom
  3373 | D:6      | Reached XP level 6. HP: 36/51 MP: 5/5
  3431 | D:6      | Noticed Blork the orc
  3439 | D:6      | Killed Blork the orc
  3440 | D:6      | Reached skill level 8 in Maces & Flails
  3498 | D:6      | Reached skill level 9 in Maces & Flails
  3498 | D:6      | Reached XP level 7. HP: 52/57 MP: 6/6
  3532 | D:6      | Reached skill level 10 in Maces & Flails
  3532 | D:6      | Reached skill level 1 in Throwing
  3721 | D:5      | Entered Level 5 of the Dungeon
  3823 | D:5      | Noticed a two-headed ogre
  3827 | D:5      | HP: 2/57 [two-headed ogre/+0 giant spiked club (19)]
  3828 | D:5      | Slain by a killer bee zombie

Illustrated notes

Levels and vault maps discovered:
D:1:      dpeg_arrival_pits, layout_rooms, shapermc_ecumenical_altar_rom_forum,
          minivault_24, amcnicky_mini_pool_small
D:2:      wander_river, layout_basic, minmay_misc_feat_hallway,
          minmay_curled_crystal, minmay_fractal_squares_5
D:3:      layout_loops_ring, minmay_joined_circles
D:4:      layout_loops_cross
D:5:      minmay_thinvault, layout_layer_cave, nzn_wu_jian_council_hall,
          enter_ossuary_5, uniq_eustachio
D:6:      layout_basic, gammafunk_ghost_abyssal_escape, kennysheep_another_room,
          uniq_edmund, uniq_blork_the_orc, uniq_menkaure
D:7:      layout_gridville, minmay_temple_entry_hall

Skill      XL: |  1  2  3  4  5  6  7 |
---------------+----------------------+-----
Maces & Flails | 3 4 5 6 7 9 10 | 10.7
Throwing       | 1 |  1.1
Fighting       | |  3.6
Armour         | |  3.6
Dodging        | |  0.4
Stealth        | |  0.2
Shields        | |  3.6
Evocations     | |  0.8

Action                   |  1- 3 |  4- 6 |  7- 9 || total
-------------------------+-------+-------+-------++-------
Melee: Flail             |    68 |   101 |    21 ||   190
       Headbutt          |    13 |    17 |     3 ||    33
Throw: Boomerang         |       |     6 |     2 ||     8
Evoke: Wand              |       |       |     9 ||     9
  Use: Scroll            |     4 |     5 |       ||     9
       Potion            |       |     1 |     1 ||     2
Armor: Scale mail        |    31 |     6 |       ||    37
       Chain mail        |       |    62 |    10 ||    72
Dodge: Dodged            |    45 |    35 |     6 ||    86
Block: Buckler           |    13 |    27 |     5 ||    45
